 Dungeon Crawl Stone Soup version 0.16-a0-1157-gec61f8e (webtiles) character file.

51 Ratboiler the Chucker (level 3, -2/33 HPs)
             Began as an Ogre Arcane Marksman on Oct 8, 2014.
             Killed from afar by Terence (10 damage)
             ... with a wand of flame
             ... on level 2 of the Dungeon.
             The game lasted 00:06:41 (2515 turns).

Ratboiler the Chucker (Ogre Arcane Marksman)        Turns: 2515, Time: 00:06:41

Health: -2/33      AC:  3    Str: 16    XL:     3   Next: 81%
Magic:  0/4        EV: 10    Int: 12    God:
Gold:   89         SH:  0    Dex: 10    Spells: 2 memorised, 1 level left

rFire  . . .     SeeInvis .     k - +0 whip
rCold  . . .     Clarity  .     a - +0 robe
rNeg   . . .     SustAb   .     (shield restricted)
rPois  .         Gourm    .     (helmet restricted)
rElec  .         Spirit   .     (no cloak)
rCorr  .         Warding  .     (gloves unavailable)
rMut   .         Stasis   .     (boots unavailable)
MR     .....                    (no amulet)
Stlth  +.........               (no ring)
                                (no ring)

@: not resistant to hostile enchantments, very unstealthy
A: unfitting armour, tough skin 1
a: no special abilities


You were on level 2 of the Dungeon.
You were not hungry.

You visited 1 branch of the dungeon, and saw 2 of its levels.

You collected 89 gold pieces.

Inventory:

Hand weapons
 j - a +0 club
 k - a +0 whip (weapon)
Missiles
 c - a throwing net (quivered)
 o - a poisoned needle
Armour
 a - a +0 robe (worn)
Magical devices
 u - a wand of random effects (39)
Comestibles
 f - 3 meat rations
 i - 4 fruits
 p - a rotting chunk of adder flesh
 s - a rotting chunk of giant newt flesh
Scrolls
 l - a scroll of noise {unknown}
 m - a scroll of magic mapping {unknown}
 n - 3 scrolls of blinking {unknown}
 r - a scroll of remove curse
Potions
 e - a potion of haste
 g - a potion of mutation
 h - a potion of might
 q - a potion of agility {unknown}
 t - a potion of confusion {unknown}
Books
 d - a book of Debilitation

   Spells                             Type                      Level
   *Corona                            Hexes                        1
   *Slow                              Hexes                        2
   Inner Flame                        Hexes/Fire                   3
   Enslavement                        Hexes                        4
   Cause Fear                         Hexes                        4
   Leda's Liquefaction                Hexes/Earth                  4


   Skills:
 - Level 1.3 Fighting
 + Level 4.4 Throwing
 - Level 1.7 Dodging
 - Level 1.2 Spellcasting
 - Level 2.1 Hexes


You had one spell level left.
You knew the following spells:

 Your Spells              Type           Power        Failure   Level  Hunger
a - Corona                Hex            #......      14%         1    ##.....
b - Slow                  Hex            #.......     21%         2    ###....


Dungeon Overview and Level Annotations

Branches:
Dungeon (2/15)

Altars:

Annotations:
D:2 Terence


Innate Abilities, Weirdness & Mutations

You are too large for most types of armour.
You have tough skin (AC +1).


Message History

Aim: Terence, wielding a short sword, wearing a chain mail and carrying a wand of flame {zapped: 3} (lightly wounded, softly glowing)
You throw a large rock.
The large rock hits Terence but does no damage.
Terence is lightly wounded.
Terence zaps a wand.
The puff of flame misses you.
Throwing (i - inventory. (,) - cycle):
b - a large rock (quivered)
Press: ? - help, Shift-Dir - straight line, f/p - Terence
Aim: Terence, wielding a short sword, wearing a chain mail and carrying a wand of flame {zapped: 4} (lightly wounded, softly glowing)
You throw a large rock. The large rock barely misses Terence.
Throwing (i - inventory):
c - 2 throwing nets (quivered)
Press: ? - help, Shift-Dir - straight line, f/p - Terence
Aim: Terence, wielding a short sword, wearing a chain mail and carrying a wand of flame {zapped: 4} (lightly wounded, softly glowing)
You throw a throwing net. The throwing net hits Terence.
Terence is caught in the net!
Terence is lightly wounded.
Terence struggles against the net.
You hit Terence but do no damage.
Terence is lightly wounded.
Terence zaps a wand.
The puff of flame hits you!
You die...

###.# #....♣..........##%#.#.#
..... #.PP♣♣.P..########.#.#.#
#
######...♣♣P..............#.#
#
#.......PP♣PP##########.###.#
#.#.####..P...............#.#
#.#.......#.###########.#.#.##
#.#.#####.#...#(..# #.#.#...
#.#.# #.....@.# #.#.#### #.#.#
.###@# #.#.# #.#.# #.# #.#.#
####(#.# #.# #.#.# .....#.#
#.#########.#.# ######.#
#...........#. #############


You could see Terence (caught).

Vanquished Creatures
  2 adders (D:2)
  An ooze (D:1)
  8 bats
  4 goblins (D:1)
  4 hobgoblins
  A quokka (D:2)
  A giant cockroach (D:1)
  3 giant newts
  3 kobolds (D:1)
  9 rats
36 creatures vanquished.

Notes
Turn   | Place    | Note
--------------------------------------------------------------
     0 | D:1      | Ratboiler, the Ogre Arcane Marksman, began the quest for the Orb.
     0 | D:1      | Reached XP level 1. HP: 19/19 MP: 2/2
   821 | D:1      | Reached skill level 3 in Throwing
   821 | D:1      | Reached XP level 2. HP: 27/27 MP: 1/3
   825 | D:1      | Learned a level 2 spell: Slow
  1665 | D:2      | Reached XP level 3. HP: 33/33 MP: 4/4
  1801 | D:2      | Reached skill level 4 in Throwing
  2506 | D:2      | Noticed Terence
  2515 | D:2      | Killed from afar by Terence

Action                   || total
-------------------------++-------
Melee: Unarmed           ||    40
       Whip              ||   165
Throw: Large rock        ||    13
       Throwing net      ||     1
 Cast: Corona            ||    20
  Use: Scroll            ||     5
       Potion            ||     1
  Eat: Chunk             ||     6
